Map: Dusk Towers

Players

blackxored - Winner!

  • Race: Zerg Zerg
  • League: Platinum

HoneyBadger

  • Race: Terran Terran
  • League: Platinum

VOD

Have the link to the VOD?

Description

Time

  • Played on: June 26, 2016, 6:23 p.m.
  • Length: 17:15
Show
View Real Time Build Order
Export as new Build Order

blackxored Zerg - Winner!

Build Orders: Hatch First, Muta Ling Bane 

Get SALT Encoding   

  12  0:01  Drone  
  13  0:10  Drone  
  14  0:17  Overlord  
  14  0:25  Extractor, Drone  
  15  0:38  Drone x2  
  17  0:52  Hatchery  
  17  0:56  Drone  
  17  0:59  Drone  
  18  1:12  Extractor  
  18  1:14  Spawning Pool  
  18  1:16  Drone  
  17  1:21  Drone  
  18  1:27  Drone  
  19  1:39  Overlord  
  19  1:48  Drone  
  20  2:01  Zergling x2  
  20  2:02  Queen  
  20  2:04  Queen  
  20  2:05  Zergling x2  
  26  2:18  Zergling x4  
  26  2:19  Metabolic Boost  
  28  2:30  Hatchery  
  27  2:38  Drone x2  
  27  2:43  Overlord  
  29  2:51  Pneumatized Carapace  
  29  2:58  Drone x3  
  32  3:04  Overlord  
  32  3:15  Drone x3  
  35  3:23  Queen  
  37  3:31  Drone x3  
  37  3:32  Drone  
  37  3:34  Drone  
  42  3:36  Drone  
  42  3:41  Overlord  
  43  3:45  Overlord  
  42  3:54  Spine Crawler  
  42  3:55  Zergling x6  
  45  4:02  Zergling x2  
  45  4:03  Zergling x6  
  45  4:08  Queen  
  50  4:13  Queen  
  43  4:33  Zergling x18  
  43  4:34  Zergling x2  
  50  4:43  Queen  
  52  4:50  Queen  
  54  4:58  Queen  
  56  5:03  Drone x6  
  62  5:24  Drone  
  62  5:25  Baneling Nest  
  62  5:26  Zergling x2  
  62  5:27  Zergling x6  
  62  5:55  Zergling x18  
  62  5:56  Zergling x10  
  62  6:05  Lair  
  62  6:08  Zergling x2  
  62  6:09  Zergling x6  
  66  6:15  Baneling x9  
  66  6:16  Baneling  
  55  6:37  Zergling x12  
  60  6:43  Zergling x14  
  66  6:50  Overlord  
  66  7:07  Overlord x4  
  66  7:13  Zergling x14  
  69  7:47  Drone x3  
  69  7:48  Evolution Chamber  
  69  7:49  Drone x11, Evolution Chamber  
  81  7:59  Drone x3  
  81  8:00  Extractor  
  81  8:02  Overseer  
  83  8:06  Spire  
  83  8:07  Drone x4  
  83  8:10  Extractor  
  83  8:12  Extractor, Drone  
  85  8:13  Extractor x2  
  85  8:14  Overlord  
  84  8:27  Drone x5  
  84  8:28  Drone  
  84  8:30  Drone  
  84  8:33  Zergling x4  
  92  8:35  Baneling x5  
  92  8:36  Baneling x3  
  88  9:13  Centrifical Hooks  
  88  9:16  Zerg Ground Armor Level 1  
  82  9:17  Zerg Melee Weapons Level 1  
  82  9:22  Drone x2  
  82  9:23  Drone x3  
  87  9:26  Drone x2  
  87  9:29  Mutalisk  
  86  9:32  Overlord x4  
  86  9:33  Drone x7  
  86  9:34  Drone  
  87  9:54  Zergling x4  
  87  9:55  Zergling x16  
  93  10:12  Mutalisk x4  
  93  10:13  Mutalisk  
  103  10:16  Zerg Flyer Weapons Level 1  
  103  10:20  Zergling x2  
  103  10:21  Zergling x16  
  111  10:23  Hatchery  
  111  10:28  Hatchery  
  109  10:33  Drone x2  
  109  10:34  Drone x4  
  115  10:36  Hatchery  
  114  10:54  Zergling x16  
  122  11:30  Mutalisk x4  
  122  11:31  Mutalisk x4  
  131  12:21  Zergling x36  
  147  12:23  Overlord x3  
  147  12:24  Zerg Ground Armor Level 2, Zerg Melee Weapons Level 2  
  147  12:28  Overlord  
  147  12:48  Baneling x4  
  147  12:54  Extractor  
  147  12:57  Extractor  
  145  13:04  Infestation Pit  
  136  14:14  Zergling x4  
  136  14:15  Zergling x70  
  153  14:19  Zerg Flyer Weapons Level 2  
  153  14:22  Hive  
  153  14:25  Drone x2  
  155  14:34  Zergling x4  
  155  14:35  Zergling x8  
  161  14:43  Baneling x7  
  161  14:44  Baneling x8  
  116  15:20  Zergling x46  
  112  15:26  Queen  
  112  15:27  Drone x2  
  101  15:51  Zergling x24  
  101  15:53  Baneling x15  
  101  15:54  Baneling x12  
  101  15:55  Zergling x26  
  120  16:05  Overseer  
  120  16:13  Ultralisk Cavern  
  105  16:27  Corruptor x9  
  105  16:28  Corruptor x8  
  135  16:43  Mutalisk  
  135  16:44  Mutalisk x7  
  151  16:51  Zergling x2  
  151  16:52  Zergling x8  
Show
View Real Time Build Order
Export as new Build Order

HoneyBadger Terran 

Build Orders: 1/1/1, Liberator Opening 

Get SALT Encoding   

  12  0:01  SCV  
  13  0:13  SCV  
  14  0:17  Supply Depot  
  14  0:25  SCV  
  15  0:39  SCV  
  15  0:41  Barracks  
  16  0:46  Refinery  
  16  0:51  SCV  
  16  0:55  Refinery  
  17  1:03  SCV  
  18  1:15  SCV  
  19  1:28  Marine  
  20  1:33  Orbital Command  
  20  1:37  Factory  
  20  1:49  Barracks Reactor  
  20  1:57  Supply Depot  
  20  1:59  SCV  
  21  2:11  SCV  
  22  2:21  Factory Tech Lab  
  22  2:22  Starport  
  22  2:27  Marine x2  
  22  2:28  SCV  
  25  2:43  Supply Depot  
  25  2:44  Marine  
  25  2:47  Marine, SCV, Liberator  
  28  2:58  Siege Tank  
  34  3:09  SCV  
  34  3:12  Marine x2  
  37  3:21  SCV  
  37  3:24  Supply Depot  
  38  3:30  Marine  
  38  3:33  Liberator  
  39  3:45  Marine, SCV  
  44  3:59  Siege Tank  
  44  4:01  SCV  
  47  4:09  Marine  
  48  4:13  SCV  
  48  4:29  Marine x2  
  44  4:32  SCV  
  44  4:34  Siege Tank  
  45  4:44  SCV  
  46  4:49  Medivac  
  48  4:57  SCV  
  49  5:06  Marine  
  49  5:07  Marine  
  50  5:09  SCV  
  49  5:23  Barracks, Command Center  
  49  5:25  Marine x2  
  49  5:27  SCV  
  52  5:34  Siege Tank  
  55  5:55  Marine  
  55  5:56  SCV  
  55  5:59  Marine  
  54  6:06  Starport Reactor  
  54  6:07  Barracks  
  54  6:08  SCV  
  55  6:22  Marine  
  55  6:23  Marine  
  53  6:33  SCV  
  53  6:37  Marine  
  49  6:40  Marine  
  49  6:45  Orbital Command  
  50  6:57  SCV  
  50  6:58  Barracks Reactor, Barracks Tech Lab  
  51  7:07  Engineering Bay  
  51  7:08  Engineering Bay  
  51  7:13  SCV  
  51  7:14  Command Center  
  51  7:15  SCV  
  53  7:17  Refinery  
  53  7:19  Refinery  
  44  7:37  Marine x2  
  44  7:38  Marine x2  
  44  7:39  Marine  
  44  7:43  Medivac x2, Command Center  
  53  7:46  Stimpack  
  53  7:47  SCV x2  
  53  7:48  Terran Infantry Weapons Level 1, Terran Infantry Armor Level 1  
  55  7:53  Siege Tank  
  55  7:55  Marine x2  
  60  7:59  SCV  
  60  8:01  SCV  
  60  8:02  Marine x3  
  65  8:13  Marine  
  66  8:20  SCV x2  
  66  8:21  Barracks x2  
  66  8:23  Barracks  
  68  8:27  Medivac  
  70  8:37  Liberator  
  70  8:38  Supply Depot  
  70  8:48  Starport  
  70  8:54  Marine x5, SCV x2  
  78  8:55  Orbital Command  
  75  9:06  SCV  
  75  9:10  Marine  
  75  9:11  SCV  
  75  9:12  Marine x5  
  80  9:19  Marine x2  
  82  9:27  Marine, SCV  
  82  9:29  Marine x2  
  86  9:34  SCV  
  86  9:51  Marine x2  
  86  9:52  Marine, Marauder  
  91  9:55  Marine x2  
  93  10:05  Marine x2  
  93  10:06  Orbital Command  
  90  10:07  SCV  
  90  10:14  Marauder  
  92  10:21  SCV  
  93  10:37  Starport Reactor  
  93  10:40  Armory  
  93  10:44  Marauder, SCV x3  
  98  10:56  SCV  
  99  10:57  Marine x2  
  99  11:00  Combat Shields  
  99  11:04  Barracks Reactor, Barracks Tech Lab  
  101  11:06  Supply Depot  
  101  11:11  Command Center  
  101  11:27  Marine x5, SCV  
  101  11:28  Marauder  
  109  11:33  Supply Depot  
  109  11:38  Supply Depot  
  109  11:39  SCV  
  109  11:41  Marine, SCV  
  109  11:45  Marine  
  109  11:49  Marine, Marauder  
  109  11:51  Missile Turret  
  109  11:53  Thor  
  105  11:55  Missile Turret  
  105  12:00  Marauder  
  106  12:03  Marine, Missile Turret x2  
  106  12:04  Marine x5  
  106  12:06  SCV  
  106  12:07  Marine, SCV x2  
  114  12:10  Marine  
  111  12:19  Missile Turret x2  
  111  12:20  Marine  
  111  12:21  Marine x3  
  111  12:22  Marine x2  
  116  12:28  Marauder, SCV  
  119  12:31  Missile Turret  
  119  12:36  Refinery  
  119  12:39  Refinery, Marauder, Orbital Command  
  121  12:47  SCV x2  
  123  12:52  Refinery  
  123  12:53  SCV  
  124  12:58  Terran Infantry Weapons Level 2  
  124  12:59  Terran Infantry Armor Level 2  
  124  13:01  SCV x2  
  124  13:03  Marine  
  127  13:15  SCV  
  127  13:17  SCV x2  
  127  13:19  Marine  
  131  13:20  Marine x2, Marauder  
  131  13:21  Marine, Marauder  
  131  13:22  Barracks Reactor  
  131  13:25  Medivac  
  140  13:31  Terran Vehicle Weapons Level 1  
  140  13:40  Orbital Command  
  140  13:47  Missile Turret  
  140  13:49  Missile Turret  
  140  13:53  SCV, Liberator  
  140  13:55  SCV  
  140  13:57  Marine  
  140  14:04  Missile Turret  
  140  14:05  Missile Turret  
  140  14:08  Marine x2  
  140  14:10  Marine, SCV  
  140  14:11  Marine x2, Marauder x2  
  140  14:36  Supply Depot x2  
  140  14:37  Supply Depot x4  
  140  14:40  Liberator  
  140  14:55  Marine x3  
  140  14:56  SCV x2  
  140  14:57  Marine x4, Medivac  
  140  14:58  Marauder x2  
  150  15:06  Orbital Command  
  124  15:07  Marine  
  124  15:12  Marine  
  124  15:13  Marine x2  
  81  15:15  Marine x4  
  81  15:19  Marauder x2  
  74  15:25  Marine  
  70  15:35  SCV x2  
  72  15:41  Marauder x2  
  76  15:47  Marine x3  
  79  15:53  Marine  
  77  16:06  Marine x3  
  77  16:08  Marine x2  
  82  16:13  Marine  
  78  16:20  Marine x2  
  78  16:23  Marine  
  63  16:27  Marine  
  63  16:31  Marine x2  
  60  16:47  Marine x2  
  60  16:48  Marauder  
  60  16:53  Marine  
  60  16:54  Marine x2  
Tags
 
Add a new tag
Caveats
  • Supply blocks, unpowered buildings, or Contaminate may cause inaccurate times.
  • Supply counts are checked every 10 seconds.